Map: Ulrena

Players

MorroW - Winner!

  • Race: Protoss Protoss
  • League: Master

relmer

  • Race: Protoss Protoss
  • League: Master

Event: DreamHack ZOWIE Open Leipzig

VOD

Have the link to the VOD?

Description

Time

  • Played on: Jan. 22, 2016, 9:55 a.m.
  • Length: 17:43

All games in this series

Show
View Real Time Build Order
Export as new Build Order

MorroW Protoss - Winner!

Build Orders:  

Get SALT Encoding   

  12  0:00  Probe (Chrono Boost)  
  13  0:11  Probe (Chrono Boost)  
  14  0:17  Pylon  
  14  0:22  Probe (Chrono Boost)  
  16  0:35  Probe (Chrono Boost)  
  16  0:39  Gateway  
  16  0:44  Assimilator  
  16  0:48  Probe (Chrono Boost)  
  17  0:58  Probe (Chrono Boost)  
  17  0:59  Assimilator  
  18  1:09  Probe (Chrono Boost)  
  19  1:11  Gateway  
  19  1:19  Probe (Chrono Boost)  
  20  1:26  Cybernetics Core  
  20  1:30  Probe (Chrono Boost)  
  21  1:35  Pylon  
  21  1:40  Probe (Chrono Boost)  
  22  1:51  Probe (Chrono Boost)  
  23  2:03  Stalker x2  
  27  2:09  Mothership Core (Chrono Boost)  
  29  2:20  Warp Gate  
  29  2:27  Probe (Chrono Boost)  
  30  2:38  Probe (Chrono Boost)  
  30  2:43  Nexus  
  31  2:49  Pylon  
  31  3:05  Robotics Facility  
  31  3:07  Probe (Chrono Boost)  
  32  3:14  Sentry, Stalker  
  36  3:22  Pylon  
  36  3:29  Probe (Chrono Boost)  
  37  3:40  Probe (Chrono Boost)  
  38  3:43  Pylon  
  38  3:53  Probe (Chrono Boost)  
  38  3:55  Immortal (Chrono Boost)  
  43  3:58  Probe  
  44  4:04  Probe  
  44  4:09  Probe  
  45  4:16  Probe  
  47  4:20  Probe  
  48  4:26  Stalker x2  
  48  4:29  Probe  
  48  4:30  Probe, Observer (Chrono Boost)  
  54  4:35  Assimilator x2  
  54  4:41  Probe  
  54  4:45  Probe  
  55  4:49  Observer (Chrono Boost)  
  55  4:50  Pylon  
  57  4:53  Probe  
  57  4:54  Stalker x2  
  57  4:58  Probe  
  62  5:05  Probe  
  68  5:21  Immortal (Chrono Boost)  
  68  5:22  Probe  
  68  5:23  Probe  
  68  5:24  Pylon  
  70  5:33  Probe  
  71  5:36  Probe  
  71  5:37  Pylon  
  71  5:40  Twilight Council  
  72  5:43  Probe  
  72  5:48  Probe  
  72  5:49  Stalker x2  
  78  5:59  Warp Prism (Chrono Boost)  
  78  6:02  Robotics Bay  
  80  6:07  Probe  
  80  6:08  Probe, Forge  
  82  6:22  Stalker x2  
  86  6:27  Pylon  
  86  6:30  Pylon  
  86  6:33  Pylon  
  86  6:34  Observer (Chrono Boost)  
  87  6:41  Nexus  
  87  6:53  Probe  
  87  6:54  Probe  
  90  7:08  Stalker, Disruptor (Chrono Boost)  
  90  7:09  Stalker, Probe  
  90  7:10  Probe  
  96  7:21  Probe  
  96  7:22  Probe, Photon Cannon  
  93  7:23  Photon Cannon  
  84  7:32  Probe  
  84  7:35  Probe  
  84  7:37  Protoss Ground Weapons Level 1  
  84  7:39  Disruptor (Chrono Boost), Stargate, Robotics Facility  
  83  7:47  Stalker x2  
  83  7:53  Probe x2  
  83  7:54  Probe  
  86  8:09  Gateway x2  
  86  8:10  Disruptor (Chrono Boost)  
  86  8:11  Stalker  
  91  8:13  Sentry  
  93  8:21  Pylon  
  93  8:22  Pylon  
  93  8:23  Pylon  
  93  8:27  Probe x2  
  93  8:28  Probe  
  93  8:31  Photon Cannon  
  96  8:36  Stalker  
  96  8:41  Stalker  
  100  8:43  Disruptor x2 (Chrono Boost)  
  106  8:52  Assimilator  
  106  8:53  Assimilator  
  106  9:01  Oracle (Chrono Boost)  
  105  9:15  Disruptor x2  
  105  9:16  Photon Cannon  
  102  9:17  Blink (Chrono Boost)  
  108  9:36  Stalker  
  108  9:37  Stalker x3  
  116  9:42  Gateway  
  116  9:43  Probe x2  
  116  9:44  Probe  
  119  9:55  Probe  
  119  9:59  Gateway  
  120  10:04  Stalker x4  
  128  10:10  Disruptor x2  
  128  10:14  Gateway  
  134  10:35  Stalker x4  
  142  10:45  Pylon  
  142  10:46  Nexus, Disruptor x2  
  142  10:52  Oracle  
  146  11:08  Stalker x4  
  120  11:23  Stalker  
  119  11:27  Disruptor x2  
  125  11:36  Photon Cannon  
  125  11:37  Photon Cannon  
  125  11:39  Photon Cannon  
  125  11:40  Probe x3, Assimilator  
  125  11:44  Assimilator  
  128  11:50  Stalker  
  128  11:51  Stalker x2  
  134  11:58  Disruptor  
  134  12:05  Stalker x3  
  139  12:23  Disruptor  
  139  12:29  Probe, Disruptor  
  142  12:30  Probe x3  
  146  12:45  Nexus  
  146  12:50  Stalker  
  146  12:51  Stalker x2  
  149  13:10  Stalker x3  
  149  13:12  Protoss Ground Weapons Level 2  
  155  13:23  Disruptor x2  
  149  13:30  Oracle  
  158  13:50  Stalker  
  158  13:51  Stalker x5  
  170  14:03  Probe  
  170  14:04  Templar Archives, Charge (Chrono Boost)  
  170  14:05  Probe  
  172  14:10  Oracle  
  172  14:14  Probe  
  172  14:15  Probe  
  172  14:24  Probe  
  172  14:26  Probe  
  172  14:30  Stalker x7  
  188  14:36  Probe  
  183  14:47  Probe  
  170  15:08  Disruptor x2  
  170  15:09  Stalker  
  170  15:10  Stalker x6  
  182  15:33  Probe  
  182  15:34  Probe x2  
  182  15:35  Pylon  
  185  15:38  Zealot x5  
  185  15:41  Nexus, Assimilator  
  185  15:42  Assimilator  
  195  15:43  Gateway x2  
  195  15:44  Gateway  
  195  15:47  Gateway  
  195  16:01  Disruptor x2  
  182  16:33  Stalker x7  
  182  16:36  Disruptor x2  
  157  17:26  Stalker x9  
  157  17:27  Stalker x2  
  157  17:29  Probe  
Show
View Real Time Build Order
Export as new Build Order

relmer Protoss 

Build Orders:  

Get SALT Encoding   

  12  0:00  Probe (Chrono Boost)  
  13  0:11  Probe (Chrono Boost)  
  14  0:19  Pylon  
  14  0:22  Probe (Chrono Boost)  
  15  0:37  Probe (Chrono Boost)  
  15  0:40  Gateway  
  16  0:44  Assimilator  
  16  0:48  Probe (Chrono Boost)  
  17  0:52  Assimilator  
  17  0:58  Probe (Chrono Boost)  
  18  1:08  Gateway  
  18  1:10  Probe (Chrono Boost)  
  19  1:21  Probe (Chrono Boost)  
  20  1:30  Cybernetics Core  
  20  1:31  Probe (Chrono Boost)  
  21  1:39  Pylon  
  21  1:42  Probe (Chrono Boost)  
  22  1:52  Probe (Chrono Boost)  
  23  2:03  Probe (Chrono Boost)  
  23  2:06  Stalker x2  
  28  2:12  Warp Gate (Chrono Boost)  
  30  2:15  Mothership Core (Chrono Boost)  
  30  2:23  Pylon  
  30  2:41  Stalker x2, Probe  
  35  2:51  Pylon  
  35  3:00  Probe  
  35  3:12  Nexus  
  35  3:18  Sentry  
  35  3:19  Sentry  
  39  3:29  Probe  
  38  3:47  Pylon  
  38  3:50  Twilight Council  
  38  3:53  Robotics Facility  
  38  3:56  Probe (Chrono Boost)  
  39  4:08  Probe (Chrono Boost)  
  40  4:12  Pylon  
  40  4:19  Mothership Core (Chrono Boost)  
  40  4:23  Blink (Chrono Boost)  
  42  4:25  Probe (Chrono Boost)  
  43  4:35  Probe (Chrono Boost)  
  43  4:37  Probe (Chrono Boost)  
  45  4:42  Observer  
  45  4:45  Probe (Chrono Boost)  
  46  4:46  Assimilator  
  46  4:48  Probe (Chrono Boost), Assimilator  
  48  4:56  Probe (Chrono Boost)  
  48  4:59  Probe (Chrono Boost)  
  50  5:01  Gateway  
  51  5:07  Probe (Chrono Boost)  
  51  5:09  Probe (Chrono Boost)  
  51  5:13  Observer  
  53  5:17  Probe (Chrono Boost)  
  53  5:20  Probe (Chrono Boost)  
  55  5:26  Dark Shrine  
  55  5:27  Gateway  
  55  5:28  Probe (Chrono Boost)  
  56  5:30  Gateway, Probe (Chrono Boost)  
  57  5:38  Probe (Chrono Boost)  
  57  5:39  Immortal (Chrono Boost)  
  57  5:41  Probe  
  63  5:50  Adept  
  63  5:52  Stalker  
  63  5:53  Probe  
  68  5:58  Pylon  
  68  6:09  Nexus  
  68  6:17  Sentry, Stalker  
  72  6:19  Warp Prism (Chrono Boost)  
  72  6:27  Probe (Chrono Boost)  
  72  6:29  Probe (Chrono Boost)  
  72  6:31  Pylon  
  74  6:35  Adept  
  74  6:37  Probe (Chrono Boost)  
  77  6:43  Pylon  
  77  6:46  Probe (Chrono Boost)  
  78  6:49  Probe (Chrono Boost)  
  78  6:51  Stalker  
  78  6:52  Stalker  
  83  6:56  Dark Templar  
  83  6:58  Probe (Chrono Boost)  
  83  7:01  Stalker  
  80  7:06  Stalker  
  80  7:08  Pylon  
  78  7:12  Warp Prism  
  78  7:15  Sentry x2  
  82  7:21  Probe (Chrono Boost)  
  83  7:29  Probe (Chrono Boost)  
  78  7:33  Stalker x2  
  82  7:42  Sentry x2  
  82  7:43  Stalker, Immortal  
  88  7:54  Probe (Chrono Boost)  
  88  7:56  Probe (Chrono Boost)  
  88  7:57  Pylon  
  91  7:58  Probe (Chrono Boost)  
  91  8:01  Pylon  
  91  8:02  Dark Templar  
  91  8:04  Probe (Chrono Boost)  
  95  8:14  Probe (Chrono Boost)  
  95  8:15  Probe (Chrono Boost)  
  95  8:17  Robotics Bay  
  96  8:21  Probe (Chrono Boost)  
  96  8:26  Probe (Chrono Boost)  
  98  8:29  Dark Templar x2  
  98  8:32  Immortal  
  100  8:41  Assimilator  
  104  8:45  Assimilator  
  104  8:46  Robotics Facility  
  102  8:49  Probe (Chrono Boost)  
  102  8:50  Probe (Chrono Boost)  
  102  8:54  Probe (Chrono Boost)  
  102  8:55  Pylon  
  105  8:59  Probe (Chrono Boost)  
  106  9:05  Dark Templar  
  106  9:07  Stalker  
  106  9:08  Stalker x2  
  114  9:15  Probe (Chrono Boost)  
  114  9:16  Stalker  
  109  9:20  Disruptor (Chrono Boost)  
  113  9:25  Probe (Chrono Boost)  
  113  9:27  Pylon  
  113  9:33  Dark Templar  
  115  9:46  Forge  
  115  9:50  Disruptor (Chrono Boost)  
  116  9:53  Nexus  
  116  9:56  Disruptor (Chrono Boost), Pylon  
  116  9:58  Stalker x2  
  116  9:59  Pylon  
  123  10:14  Stalker x2  
  123  10:15  Stalker  
  132  10:21  Disruptor (Chrono Boost)  
  132  10:27  Stalker x2  
  136  10:32  Protoss Ground Weapons Level 1 (Chrono Boost)  
  136  10:35  Gateway  
  134  10:38  Gateway, Disruptor (Chrono Boost)  
  134  10:40  Gateway  
  137  10:43  Pylon  
  137  10:44  Probe x2  
  137  10:45  Probe  
  137  10:48  Photon Cannon  
  140  10:55  Disruptor (Chrono Boost)  
  139  11:09  Disruptor (Chrono Boost)  
  139  11:15  Stalker x5  
  145  11:26  Disruptor (Chrono Boost)  
  146  11:37  Pylon, Charge (Chrono Boost)  
  146  11:41  Stalker x3, Assimilator x2  
  146  11:42  Stalker, Zealot x2  
  146  11:43  Zealot  
  160  11:50  Probe  
  161  12:03  Disruptor (Chrono Boost)  
  164  12:11  Photon Cannon  
  164  12:17  Disruptor (Chrono Boost)  
  164  12:19  Protoss Ground Weapons Level 2  
  167  12:24  Zealot  
  167  12:25  Zealot x5  
  179  12:34  Disruptor (Chrono Boost)  
  179  12:35  Zealot x2  
  186  12:46  Zealot  
  186  12:49  Pylon  
  188  12:51  Pylon  
  188  12:55  Gateway  
  188  12:57  Gateway  
  188  13:01  Disruptor  
  165  13:09  Disruptor  
  171  13:13  Zealot  
  171  13:14  Zealot x7  
  163  13:32  Immortal  
  163  13:34  Gateway  
  159  13:45  Immortal, Zealot x2  
  159  13:46  Zealot  
  169  14:01  Templar Archives  
  169  14:06  Immortal  
  169  14:11  Nexus  
  163  14:25  Immortal  
  163  14:31  Zealot x4  
  156  14:43  Observer  
  154  14:48  Stalker x6  
  166  14:59  Disruptor  
  145  15:03  Disruptor  
  145  15:04  Zealot x4  
  147  15:12  Robotics Facility  
  143  15:15  Robotics Facility  
  139  15:30  Disruptor  
  139  15:33  Zealot x5  
  139  15:34  Zealot x2  
  146  15:39  Disruptor  
  149  15:47  Pylon  
  149  15:50  Stalker x3  
  137  16:15  Zealot x5  
  137  16:16  Zealot x4  
  137  16:17  Immortal  
  120  16:27  Disruptor  
  120  16:31  Zealot  
  120  16:32  Disruptor x2  
  107  16:37  High Templar x4  
  107  16:38  High Templar x2  
  118  16:43  Archon x2  
  114  16:47  Archon  
  114  16:48  Stalker x3  
  118  17:03  Stalker  
  117  17:09  Zealot x3  
  117  17:10  Zealot x3  
  99  17:26  High Templar  
  99  17:27  High Templar x3  
  92  17:33  Archon  
  92  17:34  Archon  
  92  17:35  Stalker  

Tags
 
Add a new tag
Caveats
  • Supply blocks, unpowered buildings, or Contaminate may cause inaccurate times.
  • Supply counts are checked every 10 seconds.